 Dungeon Crawl Stone Soup version 0.25.1-2-g60ff931df9 (webtiles) character file.

Game seed: 1576675650919260653

20911 Asymodius the Carver (level 12, -1/84 HPs)
             Began as a Demonspawn Berserker on Oct 27, 2020.
             Was a High Priest of Trog.
             Slain by a crocodile (6 damage)
             ... on level 6 of the Lair of Beasts.
             The game lasted 01:16:44 (12457 turns).

Asymodius the Carver (Demonspawn Berserker)        Turns: 12457, Time: 01:16:45

Health: -1/84      AC: 12    Str: 20    XL:     12   Next: 49%
Magic:  12/12      EV: 17    Int:  4    God:    Trog [*****.]
Gold:   482        SH:  0    Dex: 22    Spells: 11/11 levels left

rFire    x . .     SeeInvis .   b - +2 triple sword (distort)
rCold    + . .     Gourm    .   (shield currently unavailable)
rNeg     . . .     Faith    .   v - +1 chain mail
rPois    .         Spirit   .   (helmet restricted)
rElec    .         Reflect  .   (no cloak)
rCorr    .         Harm     .   (no gloves)
MR       .....                  (no boots)
Stlth    ..........             (no amulet)
HPRegen  0.24/turn              C - ring of Phasing {EV+8}
MPRegen  0.13/turn              K - ring of Kemm {Ice Int-5 Dex+7 Slay+5}

@: lethally poisoned (-1 -> -14), about to teleport, petrifying, berserk
cooldown, slowed, studying Crossbows, very slow
A: antennae 1, hooves 1, repulsion field 1, demonic guardian 1, frail 1, powered
by death 2, subdued magic 1, MP-powered wands
a: Berserk, Trog's Hand, Brothers in Arms, Renounce Religion


You were on level 6 of the Lair of Beasts.
You worshipped Trog.
Trog was extremely pleased with you.
You were hungry.

You visited 2 branches of the dungeon, and saw 16 of its levels.

You collected 594 gold pieces.
You spent 112 gold pieces at shops.

Inventory:

Hand Weapons
 a - a +1 vorpal falchion
 b - a +2 triple sword of distortion (weapon)
 f - a +0 short sword
 m - a +4 dagger
 y - a +0 mace
 E - a +0 falchion
 M - a +0 long sword
 P - a +1 great sword
 T - a +1 scimitar of flaming
Armour
 o - a +0 ring mail
 q - a +0 tower shield
 s - a +0 animal skin
 v - a +1 chain mail (worn)
 z - a +0 buckler
 G - a +0 chain mail
 U - a +0 pair of boots
Jewellery
 x - an uncursed ring of flight
 C - the ring of Phasing (left hand) {EV+8}
   (You found it on level 5 of the Dungeon)

   [ring of evasion]

   It affects your evasion (+8).
 K - the ring of Kemm (right hand) {Ice Int-5 Dex+7 Slay+5}
   (You found it on level 6 of the Dungeon)

   [ring of ice]

   It enhances your ice magic.
   It affects your intelligence (-5).
   It affects your dexterity (+7).
   It affects your accuracy and damage with ranged weapons and melee attacks
   (+5).
   It makes you vulnerable to fire.
   It protects you from cold.
 S - a +6 ring of strength
Wands
 k - a wand of enslavement (9)
 I - a wand of paralysis (5)
 J - a wand of flame (17)
 N - a wand of random effects (31)
 V - a wand of iceblast (6)
Scrolls
 e - 2 scrolls of amnesia
 g - 4 scrolls of identify
 h - a scroll of random uselessness
 i - a scroll of blinking
 j - 3 scrolls of fog
 p - 3 scrolls of teleportation
 F - 4 scrolls of remove curse
 H - 4 scrolls of fear
 Q - a scroll of magic mapping
Potions
 d - 3 potions of heal wounds
 l - 3 potions of brilliance
 n - a potion of degeneration
 r - a potion of lignification
 t - a potion of mutation
 u - 8 potions of curing
 w - 3 potions of ambrosia
 A - 2 potions of flight
 B - 3 potions of berserk rage
 D - 4 potions of haste
 O - a potion of invisibility
 R - 2 potions of cancellation
 X - a potion of stabbing
Books
 L - a manual of Crossbows
Comestibles
 c - 23 rations
 W - 3 chunks of flesh


   Skills:
 + Level 8.5 Fighting
 - Level 2.5(8.2) Short Blades
 + Level 11.9(12.0) Long Blades
 - Level 3.1 Maces & Flails
 + Level 8.3 Armour
 * Level 8.1 Dodging
 * Level 3.4 Stealth
 - Level 4.8 Shields
 + Level 1.3 Unarmed Combat


You had 11 spell levels left.
You didn't know any spells.
Your spell library was empty.

Dungeon Overview and Level Annotations

Branches:
Dungeon (10/15)            Temple (0/1) D:5            Lair (5/6) D:9
  Snake (0/4) Lair:3        Slime (0/5) Lair:5
  Swamp: Lair:2-4    Shoals: Lair:2-4       Orc: D:9-12

Altars:
Elyvilon
Qazlal
Ru
Wu Jian
Xom
The Shining One

Shops:
D:6 %   D:9 *


Innate Abilities, Weirdness & Mutations

You have a pair of small antennae on your head.
You are surrounded by a mild repulsion field. (EV +2)
A weak demonic guardian rushes to your aid.
You regenerate health from kills.
You have large cloven feet.
You are frail. (-10% HP)
Your spells are a little easier to cast, but a little less powerful.
You expend magic power (3 MP) to strengthen your wands.


Message History

The crocodile closely misses you.
Your shadow imp hits the basilisk but does no damage.
A crocodile comes into view.
You are no longer berserk.
You are exhausted.
You feel yourself slow down. The spiny frog barely misses you.
The basilisk gazes at you. You resist with some effort.
Your limbs are stiffening.
As you read the scroll of teleportation, it crumbles to dust.
You feel strangely unstable.
* * * LOW HITPOINT WARNING * * *
You feel very sick. The spiny frog completely misses you.
You riposte.
You closely miss the spiny frog. You kick the spiny frog!
The spiny frog is severely wounded.
Your shadow imp hits the basilisk but does no damage.
The basilisk bites your shadow imp!
Your shadow imp dies!
The spiny frog closely misses you. The crocodile bites you!
You die...

..... . ......
..# P..... ....
#..♣... ....#
###.....♣
P....##.......P
......#PF..#
..t....@tl.#
.........###
.####....#P####
#.........##
###.........
#.........
...........
....##.##..##
.....# ## #.#


You could see a spiny frog, a basilisk and 2 crocodiles.

Vanquished Creatures
  Harold (Lair:1)
  3 death yaks (D:9)
  The ghost of Darmsturm the Basher, a novice GrFi (D:9)
  A deep elf mage (D:9)
  A black mamba (Lair:3)
  7 spiny frogs
  A komodo dragon (Lair:3)
  4 hippogriffs
  4 blink frogs (Lair:3)
  A hornet (D:8)
  4 wyverns
  A hungry ghost (D:9)
  A naga (Lair:3)
  A vampire mosquito (D:9)
  7 water moccasins
  An orc warrior (D:8)
  7 porcupines
  An ice beast (D:7)
  3 sky beasts
  2 necrophages (D:8)
  8 ogres
  2 phantoms
  5 centaurs
  30 wolves
  3 crocodiles
  18 bullfrogs
  A wyvern skeleton (D:9)
  3 scorpions
  4 killer bees (D:8)
  4 wights (D:9)
  2 howler monkeys
  A bullfrog zombie (D:5)
  A crimson imp (D:9)
  A centaur zombie (D:8)
  3 jellies
  6 orc priests
  2 quasits
  3 centaur skeletons
  3 hounds
  A bullfrog skeleton (D:5)
  4 iguanas
  2 hell rats (D:9)
  7 orc wizards
  5 worker ants
  A killer bee zombie (D:8)
  A worker ant zombie (D:7)
  Robin (D:2)
  11 adders
  3 shadow imps
  2 oozes
  An adder skeleton (D:9)
  2 worms
  A dart slug (D:1)
  6 leopard geckos
  26 orcs
  5 giant cockroaches
  15 goblins
  11 hobgoblins
  9 jackals
  5 quokkas
  A ball python (D:2)
  10 bats
  6 frilled lizards
  8 kobolds
  A leopard gecko skeleton (D:6)
  A leopard gecko zombie (D:6)
  A quokka zombie (D:5)
  13 rats
  A fungus (Lair:3)
  A plant (Lair:4)
314 creatures vanquished.

Vanquished Creatures (collateral kills)
  A hydra (Lair:4)
  A troll (D:7)
  A steam dragon (D:7)
  An ice beast (D:6)
  A black bear (D:7)
  2 wolves (Lair:2)
  A crocodile (Lair:3)
  2 killer bees (D:8)
  A howler monkey (D:5)
  A crimson imp (D:6)
  A jelly (D:6)
  An orc priest (D:6)
  An orc wizard (D:5)
  An adder zombie (D:7)
  4 orcs
  A fungus (Lair:5)
21 creatures vanquished.

Vanquished Creatures (others)
  2 two-headed ogres
  A spiny frog (Lair:1)
  A rime drake (Lair:4)
  2 komodo dragons
  A hippogriff (D:8)
  4 wolves (Lair:2)
  A wight (D:9)
  An adder zombie (D:9)
  A fungus (Lair:2)
14 creatures vanquished.

Grand Total: 349 creatures vanquished

Notes
Turn   | Place    | Note
-------+----------+-------------------------------------------
     0 | D:1      | Asymodius the Demonspawn Berserker began the quest for the
                  | Orb.
     0 | D:1      | Reached XP level 1. HP: 18/18 MP: 1/1
   298 | D:1      | Gained mutation: You regenerate a little health from kills.
                  | [demonic ancestry]
   298 | D:1      | Reached XP level 2. HP: 15/24 MP: 2/2
  1106 | D:1      | Gained mutation: You have a pair of small antennae on your
                  | head. [demonic ancestry]
  1106 | D:1      | Reached XP level 3. HP: 23/29 MP: 3/3
  1563 | D:2      | Reached ** piety under Trog
  1601 | D:2      | Noticed Robin
  1620 | D:2      | Killed Robin
  1625 | D:2      | Reached skill level 1 in Unarmed Combat
  1776 | D:2      | Gained mutation: You are surrounded by a mild repulsion
                  | field. (EV +2) [demonic ancestry]
  1776 | D:2      | Reached XP level 4. HP: 37/37 MP: 4/4
  2492 | D:3      | Reached skill level 1 in Short Blades
  2619 | D:3      | Reached *** piety under Trog
  2656 | D:3      | Reached XP level 5. HP: 14/42 MP: 5/5
  3340 | D:3      | Found a white marble altar of Elyvilon.
  3340 | D:3      | Found a stormy altar of Qazlal.
  4113 | D:4      | Found a sacrificial altar of Ru.
  4122 | D:4      | Gained mutation: You regenerate health from kills. [demonic
                  | ancestry]
  4122 | D:4      | Reached XP level 6. HP: 40/49 MP: 6/6
  4430 | D:5      | Entered Level 5 of the Dungeon
  4448 | D:5      | Reached skill level 1 in Long Blades
  4448 | D:5      | Reached skill level 1 in Shields
  4887 | D:5      | Gained mutation: A weak demonic guardian rushes to your
                  | aid. [demonic ancestry]
  4887 | D:5      | Reached XP level 7. HP: 41/55 MP: 7/7
  4984 | D:5      | Reached skill level 2 in Long Blades
  5025 | D:5      | Found a staircase to the Ecumenical Temple.
  5043 | D:5      | Reached skill level 5 in Fighting
  5075 | D:5      | Reached **** piety under Trog
  5362 | D:5      | Found the ring of Phasing {EV+8}
  5595 | D:5      | Reached skill level 3 in Long Blades
  5935 | D:6      | Reached XP level 8. HP: 40/63 MP: 8/8
  6342 | D:6      | Got a pitted amber ring
  6379 | D:6      | Identified the ring of Kemm {Ice Int-5 Dex+7 Slay+5} (You
                  | found it on level 6 of the Dungeon)
  6422 | D:6      | Found Famuz's Food Boutique.
  6780 | D:6      | Reached skill level 4 in Long Blades
  6816 | D:6      | Found a shimmering altar of Xom.
  6817 | D:6      | Found an ornate altar of the Wu Jian Council.
  6841 | D:6      | Found a glowing golden altar of the Shining One.
  7508 | D:7      | Reached skill level 5 in Long Blades
  7536 | D:7      | Reached XP level 9. HP: 64/69 MP: 9/9
  7654 | D:7      | Noticed a troll
  7662 | D:7      | Killed a troll
  8225 | D:8      | Identified a scroll of acquirement
  8225 | D:8      | Acquired a +2 triple sword of distortion
  8279 | D:8      | Reached skill level 6 in Long Blades
  8421 | D:8      | Noticed a two-headed ogre
  8428 | D:8      | Banished a two-headed ogre
  8428 | D:8      | Reached skill level 5 in Armour
  8428 | D:8      | Reached skill level 5 in Dodging
  8496 | D:8      | Reached skill level 7 in Long Blades
  8573 | D:8      | Reached XP level 10. HP: 77/77 MP: 10/10
  9112 | D:9      | Reached skill level 8 in Long Blades
  9114 | D:9      | Reached ***** piety under Trog
  9188 | D:9      | Noticed Darmsturm's ghost (novice GrFi)
  9189 | D:9      | Found a transporter.
  9195 | D:9      | Noticed a two-headed ogre
  9200 | D:9      | Noticed a deep elf mage
  9215 | D:9      | Reached skill level 1 in Stealth
  9266 | D:9      | Found a transporter.
  9291 | D:9      | Noticed a death yak
  9292 | D:9      | Found a staircase to the Lair.
  9292 | D:9      | Noticed a death yak
  9294 | D:9      | Noticed a death yak
  9310 | D:9      | Killed a death yak
  9314 | D:9      | Found Lubyhim's Assorted Antiques.
  9323 | D:9      | Killed a death yak
  9323 | D:9      | Reached skill level 9 in Long Blades
  9323 | D:9      | Killed a death yak
  9384 | D:9      | Gained mutation: Your spells are a little easier to cast,
                  | but a little less powerful. [potion of mutation]
  9384 | D:9      | Gained mutation: You have large cloven feet. [potion of
                  | mutation]
  9384 | D:9      | Gained mutation: You are frail. (-10% HP) [potion of
                  | mutation]
  9384 | D:9      | Gained mutation: You expend magic power (3 MP) to
                  | strengthen your wands. [potion of mutation]
  9410 | D:9      | Bought a scroll of identify for 56 gold pieces
  9410 | D:9      | Bought a scroll of identify for 56 gold pieces
  9455 | D:9      | Reached XP level 11. HP: 75/75 MP: 11/11
  9925 | D:9      | Killed a deep elf mage
  9927 | D:9      | Banished a two-headed ogre
  9930 | D:9      | Killed Darmsturm's ghost
  9930 | D:9      | Reached skill level 10 in Long Blades
 10041 | D:10     | Entered Level 10 of the Dungeon
 10060 | Lair:1   | Entered Level 1 of the Lair of Beasts
 10621 | Lair:1   | Noticed Harold
 10635 | Lair:1   | Killed Harold
 11109 | Lair:2   | Received a gift from Trog
 11121 | Lair:2   | Reached skill level 11 in Long Blades
 11156 | Lair:2   | Reached XP level 12. HP: 82/82 MP: 12/12
 11163 | Lair:2   | Reached ****** piety under Trog
 11292 | Lair:2   | You fall into a shaft and drop 2 floors!
 11416 | Lair:4   | Noticed a seven-headed hydra
 11424 | Lair:4   | Killed an eight-headed hydra
 11825 | Lair:3   | Found a staircase to the Snake Pit.
 12383 | Lair:3   | You fall into a shaft and drop 2 floors!
 12418 | Lair:5   | Found a staircase to the Slime Pits.
 12439 | Lair:5   | You fall into a shaft and drop 1 floor!
 12439 | Lair:6   | Entered Level 6 of the Lair of Beasts
 12457 | Lair:6   | Slain by a crocodile

Illustrated notes

Levels and vault maps discovered:
D:1:      dpeg_arrival_lava_altar, layout_basic
D:2:      layout_loops_ring, first_ration, uniq_robin
D:3:      layout_basic, gammafunk_temple_overflow_wave
D:4:      layout_basic, nicolae_ru_great_annihilating_truth
D:5:      layout_gridville, minmay_temple_entry_slanted
D:6:      layout_layer_cave, nicolae_overflow_crystal_walls,
          chequers_temple_overflow_statue_of_worship, serial_shops,
          nicolae_shop_competitors_out_of_business
D:7:      layout_cave_pods, minmay_manual_mail
D:8:      layout_cave_pods
D:9:      layout_loops_ring, dpeg_lair_monsters, gammafunk_ghost_arena,
          serial_shops, shop
D:10:     layout_irregular_city, gammafunk_ghost_stat_death, enter_trove_5,
          uniq_erolcha, uniq_josephine
Lair:1:   wad_woods_structure_01, layout_cave_pods, uniq_harold
Lair:2:   layout_roguey, shoals_dummy_entry, grunt_forest_large_clearings,
          serial_bayou_shore_b
Lair:3:   layout_layer_cave, guppyfry_snake_entry_island
Lair:4:   layout_hall_layers
Lair:5:   layout_gridlike, slime_dummy, minivault_19,
          chequers_serial_rivers_room_a, gammafunk_lair_bear_cave
Lair:6:   due_jungle_book, layout_concentric_octagons,
          nicolae_quartered_pool_medium, grunt_forest_large_clearing_hut

Skill      XL: |  1  2  3  4  5  6  7  8  9 10 11 12 |
---------------+-------------------------------------+-----
Dodging        | 2 3 4 5 6 7 8 |  8.1
Unarmed Combat | 1 |  1.3
Fighting       | 4 5 6 7 8 |  8.5
Short Blades   | 1 2 |  2.5
Armour         | 2 3 4 5 7 8 |  8.3
Long Blades    | 1 3 5 7 9 11 | 11.9
Shields        | 1 2 3 4 |  4.8
Maces & Flails | 3 |  3.1
Stealth        | 3 |  3.4

Action                   |  1- 3 |  4- 6 |  7- 9 | 10-12 || total
-------------------------+-------+-------+-------+-------++-------
Melee: Mace              |    23 |       |       |       ||    23
       Short sword       |    73 |       |       |       ||    73
       Dagger            |    12 |   149 |       |       ||   161
       Falchion          |       |   125 |   242 |       ||   367
       Punch             |       |     1 |       |       ||     1
       Triple sword      |       |       |    28 |   262 ||   290
       Kick              |       |       |       |    91 ||    91
Invok: Berserk           |     4 |     2 |     3 |     3 ||    12
       Trog's Hand       |       |       |       |     1 ||     1
Evoke: Wand              |       |       |       |     7 ||     7
  Use: Scroll            |       |     3 |    10 |    13 ||    26
       Potion            |       |       |     2 |    10 ||    12
 Stab: Sleeping          |     1 |       |       |       ||     1
       Paralysed         |       |     1 |       |       ||     1
       Distracted        |       |       |       |     2 ||     2
  Eat: Chunk             |     7 |     9 |     8 |     9 ||    33
       Ration            |       |     1 |     2 |     2 ||     5
Armor: Animal skin       |    24 |     3 |       |       ||    27
       Ring mail         |       |    18 |       |       ||    18
       Chain mail        |       |    89 |    82 |    78 ||   249
Dodge: Dodged            |    86 |   148 |   193 |   407 ||   834
Block: Buckler           |       |    24 |    25 |       ||    49
       Tower shield      |       |       |    83 |       ||    83
       Rpst.: Falchion   |       |    18 |    42 |       ||    60
       Triple sword      |       |       |    13 |   126 ||   139
